Map: Neon Violet Square LE

Players

SamuraiFunn - Winner!

  • Race: Protoss Protoss
  • Spawn Location: 11:00

A.I. 1 (Elite)

  • Race: Zerg Zerg
  • Spawn Location: 5:00

VOD

Have the link to the VOD?

Description

Time

  • Played on: Nov. 24, 2017, 1:02 p.m.
  • Length: 10:20
Show
View Real Time Build Order
Export as new Build Order

SamuraiFunn Protoss - Winner!

Build Orders: Dark Templar Rush 

Get SALT Encoding   

  12  0:05  Probe  
  13  0:17  Probe  
  14  0:23  Pylon  
  14  0:34  Probe  
  15  0:39  Assimilator  
  15  0:46  Probe  
  16  0:56  Gateway  
  16  0:58  Probe  
  17  1:05  Assimilator  
  17  1:12  Probe  
  17  1:15  Pylon  
  18  1:24  Probe  
  19  1:36  Probe  
  20  1:48  Probe  
  20  1:52  Cybernetics Core  
  20  1:53  Zealot  
  23  2:00  Probe  
  24  2:12  Probe  
  25  2:16  Nexus  
  25  2:25  Probe  
  26  2:30  Twilight Council  
  26  2:34  Warp Gate (Chrono Boost)  
  26  2:43  Pylon  
  26  2:45  Probe  
  27  2:55  Assimilator  
  27  2:57  Probe  
  28  3:06  Pylon  
  28  3:09  Probe  
  29  3:14  Gateway  
  29  3:29  Dark Shrine  
  29  3:30  Probe x2  
  31  3:51  Probe x2  
  31  3:52  Gateway x2  
  33  4:05  Probe x2  
  35  4:10  Assimilator  
  35  4:19  Probe x2  
  37  4:35  Probe x2  
  39  4:42  Shadow Stride (Chrono Boost)  
  39  4:49  Dark Templar x2  
  39  4:50  Dark Templar x2  
  47  4:57  Charge  
  47  5:05  Probe  
  48  5:09  Gateway  
  48  5:11  Gateway  
  48  5:13  Probe  
  49  5:14  Gateway  
  49  5:17  Probe  
  50  5:25  Probe  
  51  5:34  Probe, Forge  
  52  5:36  Forge, Dark Templar  
  52  5:37  Probe, Dark Templar  
  57  5:52  Dark Templar  
  59  6:20  Dark Templar  
  59  6:36  Pylon  
  59  6:37  Pylon  
  59  6:39  Pylon  
  47  6:54  Dark Templar x3  
  47  6:55  Dark Templar  
  53  7:11  Zealot  
  53  7:12  Zealot x2  
  59  7:17  Protoss Ground Armor Level 1 (Chrono Boost), Protoss Ground Weapons Level 1 (Chrono Boost)  
  59  7:40  Zealot  
  59  7:41  Zealot x4  
  59  7:42  Zealot x2  
  73  7:48  Nexus  
  73  7:51  Pylon  
  73  7:53  Pylon, Blink (Chrono Boost)  
  73  7:57  Assimilator  
  73  8:01  Assimilator  
  73  8:06  Templar Archives  
  73  8:08  Zealot x5  
  73  8:09  Zealot x2  
  87  8:18  Pylon  
  87  8:19  Pylon  
  87  8:21  Pylon  
  67  8:57  Zealot x2  
  67  9:01  Stalker x4  
  67  9:02  Stalker  
  73  9:30  Stalker x3  
  73  9:31  Stalker x2  
  81  9:32  Stalker x2  
  85  10:06  Stalker  
  87  10:07  Stalker x4  
  87  10:08  Stalker  
  87  10:09  Stalker  
Show
View Real Time Build Order
Export as new Build Order

A.I. 1 (Elite) Zerg 

Build Orders: Hatch First 

Get SALT Encoding   

  12  0:00  Drone  
  13  0:12  Overlord  
  13  0:18  Drone  
  14  0:31  Drone x2  
  14  0:34  Drone  
  17  0:54  Hatchery  
  17  0:55  Drone  
  17  1:12  Spawning Pool  
  17  1:13  Extractor  
  17  1:16  Drone  
  16  1:20  Drone  
  16  1:24  Drone  
  18  1:28  Drone  
  19  1:38  Overlord  
  19  1:49  Drone  
  20  1:59  Queen  
  20  2:00  Zergling x2  
  23  2:05  Drone  
  24  2:14  Queen  
  26  2:19  Drone  
  27  2:33  Roach Warren  
  27  2:34  Extractor  
  27  2:36  Drone  
  26  2:39  Drone  
  27  2:46  Overlord  
  27  2:48  Drone  
  28  2:52  Drone  
  28  2:55  Drone  
  30  2:58  Drone  
  30  3:02  Drone  
  30  3:05  Zergling x2  
  33  3:08  Zergling x2  
  34  3:13  Roach  
  34  3:18  Roach  
  38  3:21  Roach  
  38  3:26  Roach  
  42  3:27  Drone  
  42  3:30  Drone  
  44  3:36  Overlord  
  44  3:43  Lair  
  44  3:47  Metabolic Boost  
  44  3:54  Drone  
  44  3:55  Drone  
  46  3:57  Drone  
  46  3:59  Drone  
  46  4:02  Drone  
  49  4:04  Drone  
  49  4:06  Drone  
  51  4:11  Overlord  
  51  4:13  Drone  
  52  4:18  Drone, Evolution Chamber  
  52  4:23  Drone, Evolution Chamber  
  52  4:29  Drone x2  
  54  4:33  Drone  
  54  4:35  Drone  
  54  4:37  Drone  
  57  4:38  Drone  
  57  4:43  Infestation Pit  
  57  4:44  Drone  
  58  4:46  Zerg Missile Weapons Level 1  
  58  4:50  Zerg Ground Armor Level 1  
  58  4:53  Overlord  
  58  4:56  Overlord  
  58  4:58  Drone  
  60  5:00  Zergling x2  
  60  5:11  Drone  
  60  5:12  Drone x2  
  60  5:13  Hydralisk Den, Drone  
  63  5:14  Extractor  
  63  5:15  Drone  
  63  5:16  Drone  
  63  5:20  Infestor  
  66  5:23  Overlord  
  66  5:25  Roach  
  68  5:30  Roach  
  68  5:32  Extractor  
  68  5:34  Roach  
  71  5:37  Drone  
  71  5:38  Drone x2  
  71  5:41  Roach, Overlord  
  76  5:44  Hydralisk x2  
  80  5:51  Hydralisk  
  82  5:57  Hydralisk  
  82  5:59  Drone x3, Overlord  
  87  6:08  Drone  
  87  6:09  Drone x2  
  86  6:11  Drone  
  86  6:12  Overseer  
  86  6:16  Drone x2  
  86  6:21  Infestor  
  81  6:29  Drone, Roach  
  81  6:30  Roach  
  81  6:31  Zergling x2, Drone  
  69  6:33  Zergling x2  
  69  6:34  Roach  
  56  6:41  Roach  
  56  6:45  Drone  
  53  6:51  Hydralisk  
  52  6:54  Drone  
  52  6:55  Hydralisk, Drone  
  55  7:03  Hydralisk  
  55  7:04  Drone  
  58  7:08  Hydralisk  
  58  7:11  Drone  
  58  7:13  Drone  
  58  7:15  Drone  
  63  7:18  Drone  
  64  7:25  Drone  
  64  7:29  Drone  
  66  7:34  Drone x2, Roach  
  70  7:37  Drone  
  70  7:39  Drone  
  72  7:48  Drone  
  72  7:50  Drone  
  74  7:56  Ravager  
  74  7:57  Ravager  
  76  7:59  Roach  
  76  8:01  Roach  
  76  8:02  Hatchery  
  79  8:06  Roach  
  79  8:07  Roach x2  
  79  8:11  Roach, Overlord  
  87  8:21  Roach  
  87  8:22  Roach  
  91  8:32  Roach, Infestor  
  90  8:37  Infestor  
  90  8:38  Zergling x2, Roach  
  92  8:43  Hydralisk, Zergling x2  
  92  8:45  Spine Crawler  
  83  8:54  Hydralisk x2  
  56  9:05  Roach  
  44  9:14  Zergling x2  
  20  9:26  Drone  
  10  10:04  Drone  
  10  10:06  Drone  
  6  10:07  Drone  
Tags
 
Add a new tag
Caveats
  • Supply blocks, unpowered buildings, or Contaminate may cause inaccurate times.
  • Supply counts are checked every 10 seconds.